 Dungeon Crawl Stone Soup version 0.22-a0-799-g88f5e907b7 (webtiles) character file.

17 Htamos the Skirmisher (level 2, -5/33 HPs)
             Began as an Ogre Monk on July 21, 2018.
             Slain by Natasha (9 damage)
             ... on level 2 of the Dungeon.
             The game lasted 00:01:20 (974 turns).

Htamos the Skirmisher (Ogre Monk)                    Turns: 974, Time: 00:01:21

Health: -5/33      AC:  3    Str: 14    XL:     2   Next: 62%
Magic:  2/2        EV: 10    Int: 11    God:
Gold:   26         SH:  0    Dex: 11    Spells: 1/1 levels left

rFire    . . .     SeeInvis .   a - +0 mace
rCold    . . .     Gourm    .   (no shield)
rNeg     . . .     Faith    .   b - +0 robe
rPois    .         Spirit   .   (helmet restricted)
rElec    .         Reflect  .   (no cloak)
rCorr    .         Harm     .   (gloves unavailable)
MR       .....                  (boots unavailable)
Stlth    ++........             (no amulet)
HPRegen  0.11/turn              (no ring)
MPRegen  0.08/turn              (no ring)

@: slowed, very slow
A: large, unfitting armour, tough skin 1
a: no special abilities


You were on level 2 of the Dungeon.
You were not hungry.

You visited 1 branch of the dungeon, and saw 2 of its levels.

You collected 26 gold pieces.

Inventory:

Hand Weapons
 a - a +0 mace (weapon)
 f - a +0 hunting sling
Missiles
 e - 153 stones (quivered)
Armour
 b - a +0 robe (worn)
Scrolls
 d - a scroll of remove curse {unknown}
 h - 2 scrolls of identify {unknown}
 i - 3 scrolls of noise {unknown}
 j - a scroll of teleportation {unknown}
Potions
 l - a potion of degeneration {unknown}
Comestibles
 c - 3 rations
 g - a chunk of flesh


   Skills:
 * Level 4.6 Fighting
 + Level 2.9 Maces & Flails
 + Level 2.9 Dodging
 - Level 1.4 Stealth


You had one spell level left.
You didn't know any spells.
Your spell library was empty.

Dungeon Overview and Level Annotations

Branches:
Dungeon (2/15)

Altars:
Hepliaklqana
Sif Muna

Annotations:
D:2 Natasha


Innate Abilities, Weirdness & Mutations

You are too large for most types of armour.
You have tough skin. (AC +1)


Message History

* * * LOW HITPOINT WARNING * * *
Natasha completely misses you. The goblin misses you.
Natasha closely misses you.
You completely miss Natasha. The goblin hits you.
* * * LOW HITPOINT WARNING * * *
Natasha claws you.
* * * LOW HITPOINT WARNING * * *
The goblin hits you.
* * * LOW HITPOINT WARNING * * *
Natasha casts a spell at you.
You feel as though you will be slow longer.
The goblin hits you.
* * * LOW HITPOINT WARNING * * *
You hit the goblin.
You kill the goblin!
Natasha closely misses you.
You closely miss Natasha. Natasha claws you.
* * * LOW HITPOINT WARNING * * *
Natasha claws you!
You die...

##. # ####.... #
###############.......
####............@hr#
......############l#####
......# #...........#
......# #...$.†.....#
.....## #...........#
.....# #...........#
#..#.# #.............#
##.#.# ..............#
.....# ..............#


You could see Natasha, a frilled lizard and a rat.

Vanquished Creatures
  2 leopard geckos (D:2)
  A giant cockroach (D:1)
  A hobgoblin (D:1)
  3 jackals (D:1)
  A bat (D:2)
  A frilled lizard (D:2)
  3 goblins (D:2)
  2 rats (D:1)
14 creatures vanquished.

Notes
Turn   | Place    | Note
-------+----------+-------------------------------------------
     0 | D:1      | Htamos the Ogre Monk began the quest for the Orb.
     0 | D:1      | Reached XP level 1. HP: 24/24 MP: 1/1
   526 | D:1      | Reached XP level 2. HP: 33/33 MP: 2/2
   800 | D:2      | Found a hazy altar of Hepliaklqana.
   921 | D:2      | Found a deep blue altar of Sif Muna.
   950 | D:2      | Noticed Natasha
   954 | D:2      | Noticed a crimson imp
   955 | D:2      | Noticed a crimson imp
   968 | D:2      | HP: 1/33 [Natasha (3)]
   974 | D:2      | Slain by Natasha

Vault maps used:
D:1:      minmay_arrival_diagonal_passages
D:2:      kb_forest_paths, nicolae_overflow_crystal_walls, lemuel_doored_altar,
          led_sif_pool, old_standard_altar, grunt_ministairs_6, uniq_terence,
          uniq_natasha, uniq_jessica

Action                   || total
-------------------------++-------
Melee: Mace              ||    43
  Use: Potion            ||     1
Armor: Robe              ||    25
Dodge: Dodged            ||    58

Table legend:
 A = Spawn XP
 B = Non-spawn XP
 C = Spawn XP percentage of total XP
 D = Spawn monster count
 E = Non-spawn monster count
 F = Spawn count percentage of total count
 G = Total turns spent on level
                    A         B        C        D         E        F      G
               +---------+---------+-------+---------+---------+-------+---------
         Total |       0 |      25 |   0.0 |       0 |      14 |   0.0 |   974
               +---------+---------+-------+---------+---------+-------+---------
           D:1 |       0 |      12 |   0.0 |       0 |       7 |   0.0 |   699
           D:2 |       0 |      13 |   0.0 |       0 |       7 |   0.0 |   275
               +---------+---------+-------+---------+---------+-------+---------
